 Dungeon Crawl Stone Soup version 0.25-a0-766-g0ecfff5982 (webtiles) character file.

Game seed: 2188709701502155145, levelgen mode: deterministic

28489 Error4North the Severer (level 13, -10/175 HPs)
             Began as a Hill Orc Fighter on Apr 13, 2020.
             Was a High Priest of Okawaru.
             Killed from afar by a swamp worm (13 damage)
             ... with a harpoon shot
             ... on level 12 of the Dungeon.
             The game lasted 01:13:24 (13892 turns).

Error4North the Severer (Hill Orc Fighter)         Turns: 13892, Time: 01:13:25

Health: -10/175    AC: 26    Str: 26 (28) XL:     13   Next: 39%
Magic:  0/18       EV:  2    Int:  8      God:    Okawaru [*****.]
Gold:   978        SH: 16    Dex: 10      Spells: 12/12 levels left

rFire    . . .     SeeInvis .   m - +2 broad axe
rCold    . . .     Gourm    .   c - +1 kite shield
rNeg     + + +     Faith    .   (armour currently unavailable)
rPois    +         Spirit   +   (helmet currently unavailable)
rElec    .         Reflect  .   (cloak currently unavailable)
rCorr    .         Harm     .   (gloves currently unavailable)
MR       .....     NoTele   +   (boots currently unavailable)
Stlth    +.........             i - amulet of guardian spirit
HPRegen  0.39/turn              a - ring of positive energy
MPRegen  0.16/turn              b - +4 ring of strength

@: tree-form, heroism, very very heavily contaminated, glowing
A: no striking features
a: Heroism, Finesse, Renounce Religion


You were on level 12 of the Dungeon.
You worshipped Okawaru.
Okawaru was extremely pleased with you.
You were not hungry.
You were a tree.
You visited 4 branches of the dungeon, and saw 16 of its levels.

You collected 978 gold pieces.

Inventory:

Hand Weapons
 m - a +2 broad axe (weapon)
Missiles
 s - a boomerang (quivered)
Armour
 c - a +1 kite shield (worn)
 g - a +0 helmet (melded)
 k - a scarf of resistance (melded)
 J - the +9 chain mail "Wiracuc" (melded) {*Slow rN+ MR+++ Str-5}
   (Okawaru gifted it to you on level 10 of the Dungeon)

   It affects your strength (-5).
   It protects you from negative energy.
   It affects your resistance to hostile enchantments.
   It may slow you when you take damage.
 K - a +2 pair of boots of running (melded)
Jewellery
 a - a ring of positive energy (left branch)
 b - a +4 ring of strength (right branch)
 i - an amulet of guardian spirit (around neck)
 F - an uncursed ring of protection from cold
Wands
 n - a wand of polymorph (5)
 u - a wand of enslavement (7)
 x - a wand of digging (23)
 C - a wand of random effects (10)
 D - a wand of paralysis (7)
 E - a wand of disintegration (5)
 H - a wand of flame (20)
 L - a wand of clouds (6)
Scrolls
 d - 3 scrolls of amnesia
 e - 5 scrolls of remove curse
 h - 3 scrolls of identify
 j - 4 scrolls of enchant weapon
 o - a scroll of blinking
 r - 3 scrolls of immolation {unknown}
 t - 9 scrolls of teleportation {unknown}
 v - 3 scrolls of fear {unknown}
 y - 2 scrolls of fog {unknown}
 I - a scroll of acquirement {unknown}
Potions
 l - a potion of cancellation {unknown}
 q - a potion of lignification
 w - 3 potions of curing
 z - 2 potions of flight
 B - a potion of stabbing
 G - 2 potions of brilliance
Miscellaneous
 N - a box of beasts
Comestibles
 f - 25 rations


   Skills:
 * Level 11.9(16.9) Fighting
 + Level 15.2(20.2) Axes
 * Level 10.9(15.9) Armour
 + Level 2.4(7.4) Dodging
 + Level 1.1(6.1) Stealth
 * Level 11.4(16.4) Shields
 + Level 0.8(5.8) Unarmed Combat
 + Level 7.1 Invocations
 + Level 5.3 Evocations


You had 12 spell levels left.
You didn't know any spells.
Your spell library contained the following spells:

 Spells                   Type           Power        Failure   Level  Hunger
 Corona                   Hex            #......      41%         1    ##.....
 Slow                     Hex            #.......     54%         2    ###....
 Confusing Touch          Hex            #.......     78%         3    ####...
 Gell's Gravitas          Tloc           #.........   78%         3    ####...
 Ignite Poison            Fire/Tmut/Pois #.......     78%         3    ####...
 Inner Flame              Hex/Fire       #.......     78%         3    ####...
 Portal Projectile        Hex/Tloc       #.....       78%         3    ####...
 Cause Fear               Hex            #.........   99%         4    #####..
 Leda's Liquefaction      Hex/Erth       #.........   99%         4    #####..
 Petrify                  Tmut/Erth      #.......     99%         4    #####..
 Fireball                 Conj/Fire      #.........   100%        5    ######.
 Metabolic Englaciation   Hex/Ice        #.........   100%        5    ######.
 Silence                  Hex/Air        #.........   100%        5    ######.
 Yara's Violent Unravell  Hex/Tmut       #.........   100%        5    ######.
 Deflect Missiles         Chrm/Air       #.........   100%        6    #######
 Starburst                Conj/Fire      #.........   100%        6    #######
 Ring of Flames           Chrm/Fire      #.........   100%        7    #######
 Discord                  Hex            #.........   100%        8    #######
 Ignition                 Fire           #.........   100%        8    #######


Dungeon Overview and Level Annotations

Branches:
Dungeon (12/15)            Temple (1/1) D:5            Lair (2/6) D:10
  Swamp (0/4) Lair:2          Orc (1/2) D:10
  Snake: Lair:2-4    Spider: Lair:2-4

Altars:
Ashenzari
Cheibriados
Dithmenos
Elyvilon
Fedhas
Gozag
Hepliaklqana
Kikubaaqudgha
Makhleb
Nemelex Xobeh
Okawaru
Qazlal
Ru
Sif Muna
Trog
Uskayaw
Vehumet
Wu Jian
Xom
Yredelemnul
Zin
The Shining One

Shops:
D:6 :   D:7 *   D:9 =

Portals:
Trove: D:10 (give 2 scrolls of acquirement)

Annotations:
D:12 1 transporter
Lair:2 exclusion: oklob plant
Orc:1 Urug


Message History

The Executioner completely misses you. The Executioner hits you.
* * * LOW HITPOINT WARNING * * *
The Executioner hits you!
* * * LOW HITPOINT WARNING * * *
The Executioner hits you but does no damage. x2
The swamp worm fires a harpoon shot at you.
The harpoon shot hits you.
The Executioner hits you but does no damage. x3
You feel better.
You feel less invigorated. You block the Executioner's attack.
The Executioner hits you but does no damage. x2
You block the Executioner's attack. x2
The Executioner hits you but does no damage.
The Executioner hits you!
* * * LOW HITPOINT WARNING * * *
The Executioner hits you.
* * * LOW HITPOINT WARNING * * *
The Executioner hits you but does no damage.
The swamp worm fires a harpoon shot at you.
The harpoon shot hits you!
You die...

#(....##..###..#######.###
##..##...©...#)## #^##.
##.#..#####....# #.##.
#...##P©P##...######.###
#..##≈P^P≈##............
#..##≈P^P≈♣#...#####.###
#..#♣≈P^.≈##...# #.#..
#..##≈P^.≈w#...#####.#..
#..#♣≈1♣°###.......(....
#..##≈.^.≈♣#..######.#.#
#..#w≈P^P≈##..# #.#..
#..###☼^P≈♣#..## ###.###
#..#♣≈P^P≈##...# #......
#..##≈P^P≈w#...###.#.###
#..#♣≈P^☼###....##.#.#
#..##§P^P≈♣#.##.##.#.#
#..#w≈P^P≈##.##..#.#.###


You could see an Executioner and 3 swamp worms.

Vanquished Creatures
  Kirke (D:12)
  Azrael (D:12)
  Fannar (D:11)
  Erolcha (D:9)
  2 two-headed ogres
  7 death yaks (D:10)
  Pikel (D:7)
  2 cyclopes (D:12)
  Maurice (D:9)
  A black mamba (Lair:1)
  Psyche (D:12)
  Maggie (D:8)
  3 spiny frogs (Lair:1)
  A queen bee (D:11)
  3 tyrant leeches (Lair:2)
  7 blink frogs
  A slime creature (D:12)
  2 hippogriffs
  2 wraiths
  A wyvern (D:8)
  27 yaks
  4 fire elementals (D:12)
  2 hogs (D:12)
  A steam dragon (D:9)
  3 water moccasins
  6 porcupines
  A hell hound (D:12)
  A black bear (D:11)
  2 ice beasts
  A slave (D:7)
  3 orc warriors
  3 phantoms
  3 sky beasts
  3 wolves (Lair:2)
  5 ogres
  5 crocodiles
  A centaur (D:6)
  A big kobold (D:10)
  8 bullfrogs
  4 scorpions
  38 killer bees
  11 wights
  A howler monkey (D:6)
  4 crimson imps
  A quasit (D:5)
  8 jellies
  6 orc priests
  3 hounds
  9 orc wizards
  2 centaur skeletons (D:5)
  4 bullfrog skeletons
  6 iguanas
  Terence (D:3)
  8 worker ants
  A hound zombie (D:11)
  Robin (D:4)
  A worker ant zombie (D:8)
  5 adders
  4 gnolls (D:4)
  2 shadow imps
  5 oozes (D:12)
  2 worms (D:3)
  A dart slug (D:3)
  8 leopard geckos
  31 orcs
  6 giant cockroaches
  5 hobgoblins
  10 jackals
  2 quokkas
  A ball python (D:3)
  8 bats
  A frilled lizard (D:3)
  14 goblins
  A jackal skeleton (D:4)
  9 kobolds
  A leopard gecko zombie (D:7)
  A quokka skeleton (D:4)
  A quokka zombie (D:9)
  7 rats
  2 briar patches (D:12)
  2 butterflies (Lair:2)
358 creatures vanquished.

Vanquished Creatures (others)
  An orc (D:7)
  3 briar patches (D:12)
  2 fungi
  A plant (Lair:2)
7 creatures vanquished.

Grand Total: 365 creatures vanquished

Notes
Turn   | Place    | Note
-------+----------+-------------------------------------------
     0 | D:1      | Error4North the Hill Orc Fighter began the quest for the
                  | Orb.
     0 | D:1      | Reached XP level 1. HP: 19/19 MP: 1/1
    92 | D:1      | Reached XP level 2. HP: 23/27 MP: 2/2
   238 | D:1      | Reached XP level 3. HP: 28/33 MP: 3/3
   689 | D:2      | Found a blossoming altar of Fedhas.
   722 | D:2      | Reached skill level 3 in Axes
  1061 | D:3      | Reached XP level 4. HP: 36/40 MP: 4/4
  1304 | D:3      | Reached skill level 4 in Axes
  1307 | D:3      | Reached XP level 5. HP: 28/47 MP: 5/5
  1314 | D:3      | Noticed Terence
  1322 | D:3      | Killed Terence
  1875 | D:4      | Found a radiant altar of Vehumet.
  1879 | D:4      | Found a bloodstained altar of Trog.
  1896 | D:4      | Reached skill level 5 in Axes
  1896 | D:4      | Reached XP level 6. HP: 53/53 MP: 6/6
  1948 | D:4      | Found a snail-covered altar of Cheibriados.
  1966 | D:4      | Found a shimmering altar of Xom.
  1968 | D:4      | Found a shimmering altar of Xom.
  1969 | D:4      | Found a shimmering altar of Xom.
  1969 | D:4      | Found a shimmering altar of Xom.
  1987 | D:4      | Noticed Robin
  2000 | D:4      | Killed Robin
  2002 | D:4      | Reached skill level 5 in Shields
  2062 | D:4      | Reached skill level 5 in Fighting
  2102 | D:4      | Reached skill level 6 in Axes
  2102 | D:4      | Reached XP level 7. HP: 41/61 MP: 5/7
  2570 | D:5      | Entered Level 5 of the Dungeon
  2668 | D:5      | Reached skill level 7 in Axes
  2668 | D:5      | Reached skill level 5 in Armour
  2717 | D:5      | Reached skill level 1 in Dodging
  2717 | D:5      | Reached XP level 8. HP: 29/70 MP: 8/8
  3223 | D:5      | Found a staircase to the Ecumenical Temple.
  3315 | Temple   | Entered the Ecumenical Temple
  3365 | Temple   | Became a worshipper of Warmaster Okawaru
  3743 | D:6      | Reached skill level 8 in Axes
  3977 | D:6      | Reached skill level 1 in Invocations
  4146 | D:6      | Found Ujodgho's Book Emporium.
  4184 | D:6      | Reached * piety under Okawaru
  4184 | D:6      | Reached skill level 1 in Evocations
  4221 | D:6      | Reached skill level 9 in Axes
  4451 | D:7      | Found Jopt's Assorted Antiques.
  4455 | D:7      | Reached XP level 9. HP: 71/77 MP: 10/10
  4506 | D:7      | Found a basalt altar of Yredelemnul.
  4703 | D:7      | Reached ** piety under Okawaru
  4714 | D:7      | Noticed Pikel
  4730 | D:7      | Killed Pikel
  4730 | D:7      | Reached skill level 10 in Axes
  5120 | D:8      | Noticed a two-headed ogre
  5138 | D:8      | Killed a two-headed ogre
  5138 | D:8      | Reached *** piety under Okawaru
  5138 | D:8      | Reached XP level 10. HP: 22/86 MP: 0/13
  5575 | D:8      | Reached skill level 5 in Invocations
  5684 | D:8      | Found a burning altar of Makhleb.
  5714 | D:8      | Found a shimmering blue altar of Sif Muna.
  5955 | D:8      | Noticed Maggie
  5974 | D:8      | Killed Maggie
  5979 | D:8      | Reached **** piety under Okawaru
  6123 | D:9      | Found an ancient bone altar of Kikubaaqudgha.
  6155 | D:9      | Reached skill level 11 in Axes
  6159 | D:9      | Noticed Erolcha
  6166 | D:9      | Killed Erolcha
  6222 | D:9      | Noticed Maurice
  6533 | D:9      | Killed Maurice
  6892 | D:9      | Found Fuli Doi's Jewellery Boutique.
  7015 | D:10     | Entered Level 10 of the Dungeon
  7028 | D:10     | Identified a +1 pair of boots of running (You found it on
                  | level 10 of the Dungeon)
  7043 | D:10     | Found a portal to a secret trove of treasure.
  7057 | D:10     | Noticed a death yak
  7057 | D:10     | Noticed a death yak
  7134 | D:10     | Reached XP level 11. HP: 94/95 MP: 12/15
  7135 | D:10     | Killed a death yak
  7135 | D:10     | Reached ***** piety under Okawaru
  7244 | D:10     | Reached skill level 5 in Evocations
  7260 | D:10     | Noticed a death yak
  7260 | D:10     | Noticed a death yak
  7261 | D:10     | Noticed a death yak
  7262 | D:10     | Noticed a death yak
  7263 | D:10     | Noticed a death yak
  7275 | D:10     | Killed a death yak
  7275 | D:10     | Reached skill level 12 in Axes
  7276 | D:10     | Killed a death yak
  7283 | D:10     | Killed a death yak
  7288 | D:10     | Killed a death yak
  7289 | D:10     | Killed a death yak
  7333 | D:10     | Killed a death yak
  7379 | D:10     | Found a staircase to the Lair.
  7812 | D:10     | Reached skill level 1 in Stealth
  7841 | D:10     | Identified the cursed +0 robe "Ucucoepek" {MR+}
  7898 | D:10     | Received a gift from Okawaru
  7901 | D:10     | Got a smelly chain mail {god gift}
  7903 | D:10     | Identified the +9 chain mail "Wiracuc" {*Slow rN+ MR+++
                  | Str-5} (Okawaru gifted it to you on level 10 of the
                  | Dungeon)
  8052 | D:10     | Found a staircase to the Orcish Mines.
  8115 | Orc:1    | Entered Level 1 of the Orcish Mines
  8115 | Orc:1    | Noticed Urug
  8117 | Orc:1    | Noticed an orc knight
  8434 | D:11     | Reached skill level 13 in Axes
  8467 | D:11     | Noticed Fannar
  8494 | D:11     | Found a white marble altar of Elyvilon.
  8578 | D:11     | Reached XP level 12. HP: 94/106 MP: 7/16
  8713 | D:11     | Killed Fannar
  8713 | D:11     | Reached skill level 10 in Fighting
  8782 | D:11     | Reached skill level 10 in Shields
  9131 | Lair:1   | Entered Level 1 of the Lair of Beasts
  9585 | Lair:1   | Reached skill level 14 in Axes
 10107 | Lair:2   | Noticed a six-headed hydra
 10195 | Lair:2   | Found a staircase to the Swamp.
 10898 | Lair:2   | Reached skill level 10 in Armour
 11437 | D:3      | You fall into a shaft and drop 1 floor!
 12962 | D:12     | Found a transporter.
 13059 | D:12     | Reached XP level 13. HP: 116/116 MP: 15/18
 13081 | D:12     | Found a transporter.
 13090 | D:12     | Noticed Kirke
 13108 | D:12     | Killed Kirke
 13108 | D:12     | Reached skill level 15 in Axes
 13177 | D:12     | Noticed Psyche
 13191 | D:12     | Killed Psyche
 13307 | D:12     | Noticed Azrael
 13321 | D:12     | Killed Azrael
 13874 | D:12     | Paralysed by a Zot trap for 5 turns
 13887 | D:12     | Noticed an Executioner
 13890 | D:12     | HP: 8/175 [Executioner[a Zot trap] (4)]
 13891 | D:12     | HP: 2/175 [Executioner[a Zot trap] (8)]
 13892 | D:12     | Killed from afar by a swamp worm

Levels and vault maps discovered:
D:1:      dpeg_arrival_brainrot, layout_basic
D:2:      layout_rooms, fedhas_ov_isle_minmay
D:3:      minmay_inner_zag, layout_basic, uniq_terence
D:4:      layout_cave_pools, overflow_temple_1_default, xom_redecorated,
          grunt_temple_overflow_open, uniq_robin
D:5:      layout_basic, minmay_temple_entry_statues_pillars, first_ration
D:6:      layout_cave_pods, serial_shops, kennysheep_mini_moat
D:7:      layout_basic, old_standard_altar, serial_shops, shop, uniq_pikel
D:8:      layout_basic, overflow_temple_1_default, lemuel_blue_sif_altar,
          uniq_maggie
D:9:      wander_river, layout_layer_cave, serial_shops, nicolae_shop_crystal,
          basic_altar, uniq_maurice, uniq_erolcha
D:10:     cheibrodos_helix_gallery, layout_irregular_city, dpeg_lair_monsters,
          orc_0_dummy, nicolae_trove_entry_crystal
D:11:     layout_rooms, basic_altar, special_room [special_room_bee],
          uniq_fannar
D:12:     gammafunk_worm_tunnel, layout_basic, hangedman_little_slice_of_home,
          uniq_psyche, uniq_kirke, uniq_azrael
Temple:   eino_wide_crystal_templ
Lair:1:   layout_layer_cave
Lair:2:   layout_big_grid, minmay_swamp_entry_worms, lemuel_fruit_fields,
          infiniplex_staircase_pool, minmay_lair_oklob_chamber,
          grunt_megastairs_1, serial_bayou_shore_a
Orc:1:    layout_caves, uniq_urug

Skill      XL: |  1  2  3  4  5  6  7  8  9 10 11 12 13 |
---------------+----------------------------------------+-----
Fighting       | 4 5 6 7 8 9 11 | 11.9
Axes           | 3 4 5 6 7 9 10 11 13 14 15 | 15.2
Shields        | 4 5 6 7 8 9 10 11 | 11.4
Armour         | 4 5 6 7 9 10 | 10.9
Dodging        | 1 2 |  2.4
Invocations    | 2 4 6 7 |  7.1
Evocations     | 1 3 4 5 |  5.3
Stealth        | 1 |  1.1
Unarmed Combat | |  0.8

Action                   |  1- 3 |  4- 6 |  7- 9 | 10-12 | 13-15 || total
-------------------------+-------+-------+-------+-------+-------++-------
Melee: War axe           |   127 |   155 |   270 |    68 |       ||   620
       Broad axe         |       |       |       |   572 |   123 ||   695
       Unarmed           |       |       |       |       |     6 ||     6
Throw: Boomerang         |       |       |       |       |     6 ||     6
Invok: Heroism           |       |       |     1 |    18 |     4 ||    23
       Finesse           |       |       |       |     2 |     2 ||     4
Evoke: Wand              |       |       |     4 |    29 |       ||    33
  Use: Scroll            |     2 |     2 |       |    17 |       ||    21
       Potion            |       |     2 |     8 |     8 |     4 ||    22
 Stab: Invisible         |       |       |       |     1 |       ||     1
       Distracted        |       |       |       |       |     1 ||     1
  Eat: Chunk             |     1 |     4 |     6 |    17 |     1 ||    29
       Ration            |       |       |     1 |     2 |     1 ||     4
Armor: Scale mail        |    80 |       |       |       |       ||    80
       Chain mail        |     9 |   130 |   125 |   244 |    44 ||   552
       Skin              |       |       |    16 |       |    29 ||    45
Dodge: Dodged            |    56 |    54 |    72 |   169 |    25 ||   376
Block: Kite shield       |    91 |   111 |   129 |   372 |    65 ||   768

Table legend:
 A = Non-vault XP
 B = Vault XP
 C = Vault XP percentage of total XP
 D = Non-vault monster count
 E = Vault monster count
 F = Vault count percentage of total count
                 A         B        C        D         E       F
            +---------+---------+-------+---------+---------+-------
      Total |   22404 |   18295 |  45.0 |     273 |      80 |  22.7
            +---------+---------+-------+---------+---------+-------
        D:1 |      41 |       2 |   4.7 |      25 |       1 |   3.8
        D:2 |      28 |       0 |   0.0 |      10 |       0 |   0.0
        D:3 |     137 |      50 |  26.7 |      25 |       8 |  24.2
        D:4 |     448 |      33 |   6.9 |      18 |      10 |  35.7
        D:5 |     717 |       0 |   0.0 |      14 |       0 |   0.0
        D:6 |     782 |       0 |   0.0 |      22 |       0 |   0.0
        D:7 |     921 |     607 |  39.7 |      19 |       1 |   5.0
        D:8 |    3011 |     398 |  11.7 |      24 |       1 |   4.0
        D:9 |     488 |    1488 |  75.3 |       7 |       2 |  22.2
       D:10 |    1538 |    6325 |  80.4 |      23 |       9 |  28.1
       D:11 |    2474 |    2801 |  53.1 |      25 |      26 |  51.0
       D:12 |    3975 |    5725 |  59.0 |      21 |      19 |  47.5
     Lair:1 |    4292 |       0 |   0.0 |      18 |       0 |   0.0
     Lair:2 |    3552 |     866 |  19.6 |      22 |       3 |  12.0
            +---------+---------+-------+---------+---------+-------
